 Dungeon Crawl Stone Soup version 0.31-a0-1074-g0b22e4e0f1 (webtiles) character file.

Game seed: 16553648323418265801

656 IdlyInterested the Mimic (level 7, -1/52 HPs)
             Began as a Demonspawn Gladiator on Dec 7, 2023.
             Slain by Jessica
             ... wielding a +0 dagger
              (4 damage)
             ... on level 3 of the Dungeon.
             The game lasted 00:09:16 (3556 turns).

IdlyInterested the Mimic (Demonspawn Gladiator)     Turns: 3556, Time: 00:09:17

Health: -1/52      AC: 12    Str: 16    XL:     7   Next: 29%
Magic:  7/7        EV:  6    Int: 10    God:
Gold:   194        SH:  0    Dex: 14    Spells: 6/6 levels left

rFire   . . .        k - +0 short sword
rCold   . . .        (no shield)
rNeg    + . .        y - +0 plate armour
rPois   +            (helmet restricted)
rElec   .            c - +0 cloak
rCorr   .            u - +0 pair of gloves
SInv    .            (no boots)
Will    .....        (no amulet) Stlth
                     g - ring of positive energy
HPRegen 0.28/turn    a - ring of poison resistance
MPRegen 0.20/turn

%: no passive effects
@: no status effects
A: antennae 1, ignite blood 1, magic regeneration, sturdy frame 1
a: no special abilities


You were on level 3 of the Dungeon.
You visited 1 branch of the dungeon, and saw 3 of its levels.

You collected 194 gold pieces.

Inventory:

Hand Weapons
 k - a +0 short sword (weapon)
Missiles
 d - a javelin
 h - 12 stones (quivered)
 m - a boomerang
 r - a throwing net
Armour
 c - a +0 cloak (worn)
 u - a +0 pair of gloves (worn)
 y - a +0 plate armour (worn)
Jewellery
 a - a ring of poison resistance (right hand)
 g - a ring of positive energy (left hand)
 j - a +6 ring of intelligence
Wands
 b - a wand of digging (7)
Scrolls
 e - 3 scrolls of amnesia {unknown}
 i - 3 scrolls of poison {unknown}
 l - 2 scrolls of identify {unknown}
 n - 3 scrolls of revelation {unknown}
 o - a scroll of noise {unknown}
 q - a scroll of enchant weapon {unknown}
 s - 2 scrolls of vulnerability {unknown}
Potions
 p - 2 potions of might
 t - 2 potions of curing
 v - a potion of cancellation
 w - a potion of mutation {unknown}
 x - a potion of enlightenment {unknown}


   Skills:
 - Level 3.0 Fighting
 * Level 4.7 Short Blades
 - Level 1.7 Throwing
 - Level 1.0 Armour
 - Level 2.6 Dodging
 - Level 1.0 Stealth
 - Level 3.0 Unarmed Combat
 - Level 1.0 Invocations
 + Level 0.7 Evocations
 - Level 10.5 Shapeshifting


You had 6 spell levels left.
You didn't know any spells.
Your spell library contained the following spells:

 Spells                   Type           Power      Damage    Failure   Level
 Ozocubu's Armour         Ice            0%         N/A       100%        3
 Metabolic Englaciation   Hex/Ice        0%         N/A       100%        5
 Simulacrum               Ice/Necr       0%         N/A       100%        6


Dungeon Overview and Level Annotations

Branches:
Dungeon (3/15)

Altars:

Annotations:
D:3 Jessica


Innate Abilities, Weirdness & Mutations

You have a pair of small antennae on your head.
Your demonic aura sometimes causes spilled blood to erupt in flames.
You regenerate magic rapidly.
Your movements are slightly less encumbered by armour. (ER -2)


Message History

Jessica hits you with a +0 dagger. The gnoll hits you but does no damage.
You barely miss the gnoll.
The gnoll is moderately wounded.
You hit the gnoll.
The gnoll is moderately wounded.
Jessica shouts, "You are a ghastly nuisance!"
Jessica hits you with a +0 dagger. The gnoll hits you with a +0 spear.
You hit the gnoll.
The gnoll is severely wounded.
Jessica hits you with a +0 dagger. The gnoll hits you with a +0 spear.
You hit the gnoll but do no damage.
The gnoll is severely wounded.
Jessica barely misses you. The gnoll hits you but does no damage.
You hit the gnoll.
The gnoll is severely wounded.
You closely miss the gnoll.
The gnoll is severely wounded.
Jessica hits you with a +0 dagger.
* * * LOW HITPOINT WARNING * * *
The gnoll hits you but does no damage.
You barely miss the gnoll.
The gnoll is severely wounded.
Jessica hits you but does no damage. The gnoll barely misses you.
You hit the gnoll but do no damage.
The gnoll is severely wounded.
Jessica hits you with a +0 dagger.
* * * LOW HITPOINT WARNING * * *
The gnoll hits you with a +0 spear.
* * * LOW HITPOINT WARNING * * *
You hit the gnoll but do no damage.
The gnoll is severely wounded.
Jessica barely misses you. The gnoll hits you but does no damage.
You hit the gnoll but do no damage. You punch the gnoll.
You kill the gnoll!
You closely miss Jessica. Jessica hits you with a +0 dagger.
* * * LOW HITPOINT WARNING * * *
You hit Jessica.
Jessica is moderately wounded.
Jessica hits you with a +0 dagger.
You die...

###...#.#########.##...........#
......#.# #####.####..##.#.#.#
##....#.# ...#†# #..##.#.#.#
#....#.#.#####'#)# #.>##.#.#..
#......#........)# #####.#.####
##...###.........# #.#.# #...#
.........# #.#.# #...#
..>......# #.#.# #...#
.......@.# #...# .......)@......
##### '#####......... ...######.
....' .....# ......# .......#


You could see Jessica.

Vanquished Creatures
  Sigmund (D:2)
  A phantom (D:3)
  Crazy Yiuf (D:2)
  Robin (D:2)
  4 gnolls (D:3)
  2 adders (D:2)
  4 orcs (D:3)
  2 ball pythons (D:3)
  6 bats
  3 endoplasms
  3 giant cockroaches
  9 goblins
  6 hobgoblins
  4 jackals (D:1)
  4 quokkas (D:1)
  5 frilled lizards
  2 kobolds (D:3)
  A rat (D:3)
59 creatures vanquished.

Notes
Turn   | Place    | Note
-------+----------+-------------------------------------------
     0 | D:1      | IdlyInterested the Demonspawn Gladiator began the quest for
                  | the Orb.
     0 | D:1      | Reached XP level 1. HP: 16/16 MP: 1/1
   384 | D:1      | Reached skill level 1 in Short Blades
   384 | D:1      | Gained mutation: You regenerate magic rapidly. [demonic
                  | ancestry]
   384 | D:1      | Reached XP level 2. HP: 20/22 MP: 2/2
   440 | D:1      | Found a faded altar of an unknown god.
  1103 | D:2      | Reached skill level 1 in Armour
  1146 | D:2      | Gained mutation: Your demonic aura sometimes causes spilled
                  | blood to erupt in flames. [demonic ancestry]
  1146 | D:2      | Reached XP level 3. HP: 22/28 MP: 3/3
  1288 | D:2      | Noticed Sigmund
  1311 | D:2      | Killed Sigmund
  1312 | D:2      | Reached skill level 1 in Stealth
  1312 | D:2      | Gained mutation: Your movements are slightly less
                  | encumbered by armour. (ER -2) [demonic ancestry]
  1312 | D:2      | Reached XP level 4. HP: 2/35 MP: 4/4
  1312 | D:2      | Reached XP level 5. HP: 3/41 MP: 5/5
  1718 | D:2      | Found a runed translucent door.
  1837 | D:2      | Noticed Robin
  1854 | D:2      | Killed Robin
  2496 | D:2      | Noticed Crazy Yiuf
  2513 | D:2      | Killed Crazy Yiuf
  2514 | D:2      | Reached skill level 1 in Invocations
  2514 | D:2      | Reached XP level 6. HP: 17/47 MP: 6/6
  2769 | D:3      | Reached skill level 10 in Shapeshifting
  2769 | D:3      | Gained mutation: You have a pair of small antennae on your
                  | head. [demonic ancestry]
  2769 | D:3      | Reached XP level 7. HP: 52/52 MP: 7/7
  3537 | D:3      | Noticed Jessica
  3556 | D:3      | Slain by Jessica

Illustrated notes

Levels and vault maps discovered:
D:1:      wheals_arrival_linesprint, layout_basic,
          hellmonk_ecumenical_altar_dog_temple
D:2:      layout_loops_ring, minmay_misc_feat_plants, dk_noncrumbling_2,
          corner_web_ring, uniq_robin, uniq_crazy_yiuf_cottage, uniq_sigmund
D:3:      layout_basic, uniq_jessica

Skill      XL: |  1  2  3  4  5  6  7 |
---------------+----------------------+-----
Short Blades   | 1 4 |  4.7
Armour         | 1 |  1.0
Fighting       | 3 |  3.0
Stealth        | 1 |  1.0
Invocations    | 1 |  1.0
Shapeshifting  | 10 | 10.5
Unarmed Combat | 3 |  3.0
Throwing       | |  1.7
Dodging        | |  2.6
Evocations     | |  0.7

Action                     |  1- 3 |  4- 6 |  7- 9 || total
---------------------------+-------+-------+-------++-------
  Melee: Unarmed           |   120 |    62 |       ||   182
         Punch             |     2 |     5 |     3 ||    10
         Short sword       |       |    12 |   124 ||   136
  Throw: Stone             |     6 |       |     3 ||     9
         Throwing net      |     1 |     2 |       ||     3
    Use: Potion            |     4 |     1 |     1 ||     6
   Stab: Held in net/web   |     1 |     1 |       ||     2
 Armour: Leather armour    |    10 |       |       ||    10
         Ring mail         |    63 |    38 |    10 ||   111
         Plate armour      |       |       |    55 ||    55
  Dodge: Dodged            |    66 |    34 |    46 ||   146

Table legend: (Time is in decaauts)
 A = Elapsed time spent in this place.
 B = Non-inter-level travel time spent in this place.
 C = Inter-level travel time spent in this place.
 D = Time resting spent in this place.
 E = Time spent auto-exploring this place.
 F = Levels seen in this place.
 G = Mean time per level.
                   A        B        C        D        E       F      G
               +--------+--------+--------+--------+--------+-----+--------+
         Total |   3493 |   3031 |    462 |    468 |   1794 |   3 | 1164.3 |
       Dungeon |   3493 |   3031 |    462 |    468 |   1794 |   3 | 1164.3 |
               +--------+--------+--------+--------+--------+-----+--------+

Top non-repeatable levels by time:
     D:2: 1514 daAuts
     D:1: 1232 daAuts
     D:3: 746 daAuts
